 Dungeon Crawl Stone Soup version 0.30.0-15-g856e2d3f33 (webtiles) character file.

Game seed: 14856187967782598999

744 Esekla the Grave Robber (level 7, 0/61 HPs)
             Began as a Tengu Necromancer on May 19, 2023.
             Was a Priest of Vehumet.
             Slain by a centaur zombie (1 damage)
             ... in an ossuary.
             The game lasted 00:28:04 (4158 turns).

Esekla the Grave Robber (Tengu Necromancer)         Turns: 4158, Time: 00:28:04

Health: 0/61       AC: 23    Str: 12 (14) XL:     7   Next: 76%
Magic:  13/13      EV:  2    Int: 16 (18) God:    Vehumet [***...]
Gold:   38         SH:  0    Dex: 11 (14) Spells: 3/13 levels left

rFire   . . .        c - +0 great sword
rCold   . . .        (shield currently unavailable)
rNeg    + . .        a - melded +0 robe
rPois   +            (helmet currently unavailable)
rElec   .            (cloak currently unavailable)
rCorr   .            x - melded +0 pair of gloves
SInv    .            (boots unavailable)
Will    .....        (no amulet)
Stlth   ++           e - +6 ring of strength
HPRegen 0.30/turn    q - ring of positive energy
MPRegen 0.13/turn

%: no passive effects
@: mighty, tree-form, marked, on berserk cooldown, hasted and slowed
A: stationary, stasis, torment immunity, boosted hp, (beak), (talons 3), nimble
flight
a: Renounce Religion


You were in an ossuary.
You worshipped Vehumet.
Vehumet was most pleased with you.
You were a tree.
You visited 1 branch of the dungeon, and saw 5 of its levels.
You also visited: Ossuary.

You collected 239 gold pieces.
You spent 201 gold pieces at shops.

Inventory:

Hand Weapons
 c - a +0 great sword (weapon)
 r - a +0 trident
 s - a +0 dagger
Missiles
 f - 20 poisoned darts
 m - 4 boomerangs (quivered)
 u - 2 javelins
 v - 4 curare-tipped darts
Armour
 a - a +0 robe (melded)
 x - a +0 pair of gloves (melded)
Jewellery
 e - a +6 ring of strength (left branch)
 q - a ring of positive energy (right branch)
Wands
 n - a wand of flame (46)
Scrolls
 g - 2 scrolls of teleportation
 h - a scroll of vulnerability {unknown}
 i - 2 scrolls of fear
 k - 3 scrolls of blinking
 l - a scroll of brand weapon {unknown}
 o - a scroll of identify
 w - a scroll of enchant armour {unknown}
Potions
 b - 2 potions of magic
 d - 3 potions of brilliance
 j - 2 potions of might
 p - 2 potions of attraction
 t - a potion of lignification
 A - a potion of berserk rage


   Skills:
 + Level 3.0 Fighting
 + Level 1.0(2.1) Short Blades
 + Level 2.8(2.9) Long Blades
 + Level 0.1 Throwing
 * Level 4.1 Dodging
 + Level 2.7 Stealth
 * Level 3.7 Spellcasting
 * Level 1.2 Conjurations
 + Level 5.4 Necromancy
 * Level 2.0 Ice Magic
 * Level 0.8 Air Magic
 * Level 1.1 Poison Magic


You had 3 spell levels left.
You knew the following spells:

 Your Spells              Type           Power      Damage    Failure   Level
a - Necrotise             Necr           80%        1d8       1%          1
c - Mephitic Cloud        Conj/Pois/Air  6%         N/A       9%          3
d - Vampiric Draining     Necr           20%        2d7       5%          3
r - Frozen Ramparts       Ice            18%        1d3       6%          3

Your spell library contained the following spells:

 Spells                   Type           Power      Damage    Failure   Level
 Freeze                   Ice            36%        1d5       2%          1
 Static Discharge         Conj/Air       12%        2-3/arc   4%          2
 Hailstorm                Conj/Ice       8%         3d4       7%          3
 Animate Dead             Necr           20%        N/A       19%         4
 Airstrike                Air            2%         2d(1-17)  30%         4
 Agony                    Necr           20%        N/A       45%         5
 Summon Lightning Spire   Summ/Air       4%         N/A       82%         4


Dungeon Overview and Level Annotations

Branches:
Dungeon (5/15)            Ossuary (1/1)
 Temple: D:4-7

Altars:
Ashenzari
Elyvilon
Hepliaklqana
Kikubaaqudgha
Vehumet

Shops:
D:2 =   D:4 ?


Innate Abilities, Weirdness & Mutations

You are a tree.
Your roots penetrate the ground, keeping you stationary.
You cannot be teleported.
You are immune to unholy pain and torment.
Your maximum health is greatly increased.
Your equipment is partially melded.
((You have a beak for a mouth.))
((You have claws for feet.))
Your magical nature lets you fly swiftly and evasively.


Message History

The centaur zombie barely misses you. x2
The centaur zombie closely misses you. The centaur zombie misses you.
The centaur zombie kicks you.
* * * LOW HITPOINT WARNING * * *
You slash the centaur zombie!
The centaur zombie is moderately damaged.
You are no longer berserk.
You are exhausted.
You feel yourself slow down. The centaur zombie closely misses you.
The centaur zombie misses you.
The centaur zombie hits you but does no damage.
The centaur zombie closely misses you. The centaur zombie hits you.
* * * LOW HITPOINT WARNING * * *
The centaur zombie kicks you but does no damage.
The centaur zombie closely misses you. The centaur zombie barely misses you.
It was a potion of lignification.
You turn into a tree.
Your +0 pair of gloves melds into your body.
Your +0 robe melds into your body.
Your roots penetrate the ground.
The centaur zombie hits you but does no damage.
The centaur zombie kicks you but does no damage.
The centaur zombie hits you but does no damage.
The centaur zombie kicks you but does no damage.
The centaur zombie hits you but does no damage.
The centaur zombie kicks you but does no damage.
The centaur zombie hits you but does no damage.
The centaur zombie kicks you but does no damage.
It was a potion of degeneration.
There was something very wrong with that liquid.
You feel weakened.
You feel dopey.
You feel clumsy.
Your extra speed is starting to run out.
The centaur zombie hits you but does no damage.
The centaur zombie kicks you but does no damage.
The centaur zombie hits you but does no damage.
The centaur zombie kicks you but does no damage.
The centaur zombie hits you but does no damage.
The centaur zombie kicks you but does no damage.
The centaur zombie hits you.
* * * LOW HITPOINT WARNING * * *
The centaur zombie kicks you.
You die...

#####
##♣..##
#ZZZ..#
#.M...#
#.....#
#.....#
#..∩..#
#.....#
#..∩..#
#.....#


You could see a mummy and 3 centaur zombies.

Vanquished Creatures
  Sigmund (D:2)
  A scorpion (D:5)
  2 centaur zombies (Ossuary)
  3 hounds (D:4)
  Jessica (D:2)
  Terence (D:2)
  Natasha (thrice) (D:4)
  2 mummies (Ossuary)
  4 gnolls (D:2)
  6 adders
  An ufetubus (D:4)
  5 worms
  3 dart slugs
  4 orcs (D:4)
  2 bats
  11 endoplasms
  4 giant cockroaches
  10 hobgoblins
  11 jackals
  5 quokkas
  8 ball pythons
  3 frilled lizards
  6 goblins
  4 hobgoblin zombies (Ossuary)
  10 kobolds
  5 rats (D:1)
116 creatures vanquished.

Notes
Turn   | Place    | Note
-------+----------+-------------------------------------------
     0 | D:1      | Esekla the Tengu Necromancer began the quest for the Orb.
     0 | D:1      | Reached XP level 1. HP: 10/10 MP: 4/4
   123 | D:1      | Reached XP level 2. HP: 8/15 MP: 6/6
   226 | D:1      | Found a faded altar of an unknown god.
   331 | D:1      | Reached XP level 3. HP: 17/20 MP: 7/7
   335 | D:1      | Learned a level 3 spell: Vampiric Draining
   546 | D:1      | Prayed at the altar of an unknown god.
   546 | D:1      | Became a worshipper of Vehumet
   546 | D:1      | Reached * piety under Vehumet
   546 | D:1      | Offered knowledge of Foxfire by Vehumet.
  1151 | D:2      | Reached skill level 1 in Fighting
  1371 | D:2      | Noticed Jessica
  1443 | D:2      | Killed Jessica
  1444 | D:2      | Reached XP level 4. HP: 20/26 MP: 2/8
  1618 | D:2      | Found Xuesmil's One-of-a-Kind Rings.
  1623 | D:2      | Noticed Sigmund
  1637 | D:2      | Killed Sigmund
  1638 | D:2      | Reached skill level 1 in Long Blades
  1638 | D:2      | Reached skill level 5 in Necromancy
  1638 | D:2      | Reached skill level 1 in Ice Magic
  1638 | D:2      | Gained mutation: Your magical nature lets you fly swiftly
                  | and evasively. [Tengu growth]
  1638 | D:2      | Reached XP level 5. HP: 6/31 MP: 2/10
  1638 | D:2      | Reached XP level 6. HP: 7/36 MP: 2/11
  1669 | D:2      | Offered knowledge of Kiss of Death by Vehumet.
  1762 | D:2      | Learned a level 3 spell: Frozen Ramparts
  1988 | D:2      | Noticed Terence
  1997 | D:2      | Killed Terence
  1997 | D:2      | Reached ** piety under Vehumet
  2021 | D:2      | Reached skill level 1 in Short Blades
  2740 | D:3      | Offered knowledge of Stone Arrow by Vehumet.
  3056 | D:4      | Noticed Natasha
  3062 | D:4      | Killed Natasha
  3062 | D:4      | Reached *** piety under Vehumet
  3348 | D:4      | Found a white marble altar of Elyvilon.
  3393 | D:4      | Noticed Natasha
  3402 | D:4      | Reached XP level 7. HP: 35/40 MP: 13/13
  3408 | D:4      | Killed Natasha
  3507 | D:4      | Found an ancient bone altar of Kikubaaqudgha.
  3542 | D:4      | Found a broken altar of Ashenzari.
  3612 | D:4      | Found Gibor's Magic Scroll Boutique.
  3621 | D:4      | Offered knowledge of Mephitic Cloud by Vehumet.
  3626 | D:4      | Learned a level 3 spell: Mephitic Cloud
  3643 | D:4      | Bought a scroll of noise for 13 gold pieces
  3643 | D:4      | Bought a scroll of teleportation for 39 gold pieces
  3643 | D:4      | Bought a scroll of blinking for 97 gold pieces
  3643 | D:4      | Bought a scroll of identify for 26 gold pieces
  3643 | D:4      | Bought a scroll of identify for 26 gold pieces
  3821 | D:4      | Noticed Natasha
  3833 | D:4      | Killed Natasha
  3839 | D:5      | Entered Level 5 of the Dungeon
  3842 | D:5      | Found a sand-covered staircase.
  3961 | D:5      | Reached skill level 1 in Conjurations
  4054 | D:5      | Found a hazy altar of Hepliaklqana.
  4106 | Ossuary  | Entered an ossuary
  4150 | Ossuary  | Reached skill level 1 in Poison Magic
  4156 | Ossuary  | HP: 2/41 [centaur zombie (1)]
  4158 | Ossuary  | Slain by a centaur zombie

Illustrated notes

Levels and vault maps discovered:
D:1:      spicycebolla_arrival_clurvy, layout_loops_ring,
          hellmonk_ecumenical_altar_zigzags
D:2:      minmay_recursive_quarters, layout_loops_ring,
          nicolae_shop_unique_rings, serial_park_tiny_pond, uniq_terence,
          uniq_jessica, uniq_sigmund
D:3:      kennysheep_big_flooded_room, layout_basic
D:4:      layout_basic, kiku_gazebo_pond_becter, kennysheep_little_box,
          lemuel_doored_altar, serial_shops, shop, minmay_misc_feat_room,
          uniq_natasha
D:5:      layout_rooms, xom_teletrap_fun, mainiacjoe_overflow_alcove_1,
          nicolae_ossuary_entry_monument, chequers_serial_rivers_small_b,
          minmay_stone_trees_small, st_stairs_4, patterned_corridor
Ossuary:  ossuary_the_hunt_dpeg

Skill      XL: |  1  2  3  4  5  6  7 |
---------------+----------------------+-----
Fighting       | 2 3 |  3.0
Long Blades    | 1 2 |  2.8
Dodging        | 3 4 |  4.1
Necromancy     | 5 |  5.4
Ice Magic      | 1 2 |  2.0
Spellcasting   | 3 |  3.7
Short Blades   | 1 |  1.0
Conjurations   | 1 |  1.2
Poison Magic   | 1 |  1.1
Throwing       | |  0.1
Stealth        | |  2.7
Air Magic      | |  0.8

Action                     |  1- 3 |  4- 6 |  7- 9 || total
---------------------------+-------+-------+-------++-------
  Melee: Unarmed           |    26 |       |       ||    26
         Kick              |    34 |    21 |    10 ||    65
         Peck              |    12 |    10 |     8 ||    30
         Dagger            |    81 |    12 |     2 ||    95
         Punch             |     2 |       |       ||     2
         Great sword       |    11 |    82 |    48 ||   141
  Throw: Boomerang         |     1 |       |     9 ||    10
         Dart              |       |       |     3 ||     3
   Cast: Vampiric Draining |     6 |    11 |     2 ||    19
         Frozen Ramparts   |       |     1 |     2 ||     3
    Use: Scroll            |       |     4 |     5 ||     9
         Potion            |       |       |     5 ||     5
   Stab: Sleeping          |     3 |     4 |     2 ||     9
         Distracted        |       |     1 |       ||     1
 Armour: Robe              |    29 |    14 |    25 ||    68
         Skin              |       |       |    14 ||    14
  Dodge: Dodged            |    74 |    75 |    75 ||   224
